 Dungeon Crawl Stone Soup version 0.17.0-56-gd8de76c (webtiles) character file.

1005 gorblad the Skirmisher (level 8, -4/62 HPs)
             Began as a Mummy Fighter on Dec 6, 2015.
             Slain by septik's ghost (11 damage)
             ... in an ossuary.
             The game lasted 00:12:09 (4475 turns).

gorblad the Skirmisher (Mummy Fighter)              Turns: 4475, Time: 00:12:10

Health: -4/62      AC:  8    Str: 29    XL:     8   Next: 0%
Magic:  8/8        EV:  9    Int:  8    God:
Gold:   152        SH: 11    Dex: 11    Spells: 0 memorised, 7 levels left

rFire  x . .     SeeInvis .     a - +0 trident
rCold  + . .     Clarity  .     b - +0 scale mail
rNeg   + + +     SustAt   .     c - +1 shield
rPois  ∞         Gourm    .     (no helmet)
rElec  .         Spirit   .     (no cloak)
rCorr  .         Warding  .     e - +0 pair of gloves
rMut   .         Stasis   .     (no boots)
MR     +....                    (no amulet)
Stlth  ..........               f - +3 ring of strength
                                g - +5 ring of strength

@: somewhat resistant to hostile enchantments, extremely unstealthy
A: no food or potions, fire vulnerability, cold resistance 1, negative energy
resistance 3, torment resistance, unbreathing
a: no special abilities


You were in an ossuary.
You were not hungry.

You visited 1 branch of the dungeon, and saw 6 of its levels.
You also visited: Ossuary.

You collected 152 gold pieces.

Inventory:

Hand Weapons
 a - a +0 trident (weapon)
Armour
 b - a +0 scale mail (worn)
 c - a +1 shield (worn)
 e - a +0 pair of gloves (worn)
Jewellery
 f - a +3 ring of strength (right hand)
 g - a +5 ring of strength (left hand)
 k - an uncursed ring of fire
Wands
 h - a wand of random effects (30)
Scrolls
 d - 2 scrolls of identify
 i - a scroll of fog
 j - a scroll of enchant armour


   Skills:
 + Level 5.2 Fighting
 + Level 3.6 Polearms
 + Level 4.3 Armour
 + Level 3.1 Dodging
 + Level 0.1 Stealth
 + Level 3.9 Shields


You had 7 spell levels left.
You didn't know any spells.

Dungeon Overview and Level Annotations

Branches:
Dungeon (6/15)             Temple (0/1) D:5

Altars:
Gozag

Shops:
D:6 %

Annotations:
Ossuary septik's ghost, amateur GrFi


Innate Abilities, Weirdness & Mutations

You do not eat or drink.
Your flesh is vulnerable to fire.
You are immune to poison.
Your flesh is cold resistant.
You are immune to negative energy.
You are immune to unholy pain and torment.
You can survive without breathing.


Message History

You are too injured to fight recklessly!
You are too injured to fight recklessly!
You are too injured to fight recklessly!
You are too injured to fight recklessly!
You are too injured to fight recklessly!
You puncture septik's ghost!
Septik's ghost is heavily damaged.
Septik's ghost hits you.
* * * LOW HITPOINT WARNING * * *
You closely miss septik's ghost.
Septik's ghost is heavily damaged.
You block septik's ghost's attack.
You hit septik's ghost but do no damage.
Septik's ghost is heavily damaged.
Septik's ghost hits you!
* * * LOW HITPOINT WARNING * * *
You puncture septik's ghost!
Septik's ghost is severely damaged.
You block septik's ghost's attack. Septik's ghost hits you!
You die...

#.... #.... #....
#...# #...# #...#
#..W# #..@# #...#
#...# #...# #...#
#...# #...# #...#
#...##############.


You could see septik's ghost.

Vanquished Creatures
  Grinder (D:5)
  A phantom (D:4)
  A sky beast (D:5)
  A centaur (D:6)
  An elf zombie (Ossuary)
  A giant frog zombie (D:5)
  A crimson imp (D:5)
  A centaur skeleton (D:5)
  A jelly (D:6)
  An orc wizard (D:3)
  2 worker ants
  A killer bee zombie (D:5)
  A hound zombie (D:3)
  2 mummies
  12 adders
  An ooze (D:3)
  An adder skeleton (D:5)
  6 worms
  4 giant geckos
  5 orcs
  4 giant cockroaches
  8 goblins
  9 hobgoblins
  4 jackals (D:1)
  7 kobolds
  3 quokkas
  5 bats
  5 giant newts
  3 hobgoblin zombies (Ossuary)
  6 kobold zombies (Ossuary)
  3 orc zombies (Ossuary)
  6 rats
108 creatures vanquished.

Vanquished Creatures (others)
  A kobold (D:3)
  A bat (D:3)
2 creatures vanquished.

Grand Total: 110 creatures vanquished

Notes
Turn   | Place    | Note
--------------------------------------------------------------
     0 | D:1      | gorblad the Mummy Fighter began the quest for the Orb.
     0 | D:1      | Reached XP level 1. HP: 18/18 MP: 1/1
   310 | D:1      | Reached XP level 2. HP: 24/24 MP: 2/2
   773 | D:1      | Reached XP level 3. HP: 27/29 MP: 3/3
  1047 | D:2      | Reached skill level 1 in Dodging
  1160 | D:2      | Reached XP level 4. HP: 19/35 MP: 4/4
  2058 | D:3      | Reached XP level 5. HP: 15/41 MP: 5/5
  2840 | D:4      | Noticed a phantom
  2861 | D:4      | Killed a phantom
  2861 | D:4      | Reached XP level 6. HP: 28/48 MP: 6/6
  2950 | D:4      | Found an opulent altar of Gozag.
  3228 | D:5      | Entered Level 5 of the Dungeon
  3234 | D:5      | Noticed Grinder
  3242 | D:5      | Reached skill level 4 in Fighting
  3262 | D:5      | Paralysed by Grinder for 2 turns
  3270 | D:5      | Killed Grinder
  3270 | D:5      | Reached XP level 7. HP: 34/55 MP: 7/7
  3549 | D:5      | Found a staircase to the Ecumenical Temple.
  4177 | D:6      | Found Yzedut's Food Emporium.
  4197 | D:6      | Reached skill level 5 in Fighting
  4225 | D:6      | Found a sand-covered staircase.
  4238 | Ossuary  | Entered an ossuary
  4459 | Ossuary  | Reached XP level 8. HP: 21/62 MP: 8/8
  4467 | Ossuary  | Noticed septik's ghost (amateur GrFi)
  4475 | Ossuary  | Slain by septik's ghost

Action                   |  1- 3 |  4- 6 |  7- 9 || total
-------------------------+-------+-------+-------++-------
Melee: Trident           |   131 |   268 |   183 ||   582
  Use: Scroll            |       |     7 |     3 ||    10
